 Dungeon Crawl Stone Soup version 0.28-a0-655-g4eb62b627b (webtiles) character file.

Game seed: 2011456604805229912

164 bande the Covered (level 5, -1/33 HPs)
             Began as a Gargoyle Fighter on Oct 13, 2021.
             Slain by a gnoll (6 damage)
             ... on level 3 of the Dungeon.
             The game lasted 00:03:43 (2943 turns).

bande the Covered (Gargoyle Fighter)                Turns: 2943, Time: 00:03:44

Health: -1/33      AC: 15    Str: 21    XL:     5   Next: 45%
Magic:  5/5        EV:  7    Int:  8    God:
Gold:   99         SH:  4    Dex:  9    Spells: 4/4 levels left

rFire   + . .      SeeInvis .   a - +1 war axe
rCold   . . .      Faith    .   c - +0 buckler
rNeg    + . .      Spirit   .   j - +0 chain mail
rPois   ∞          Reflect  .   (no helmet)
rElec   +          Harm     .   (no cloak)
rCorr   .          Rampage  .   h - +1 pair of gloves
Will    .....                   (no boots)
Stlth   ..........              (no amulet)
HPRegen 0.11/turn               i - ring of protection from fire
MPRegen 0.09/turn               (no ring)

@: mighty
A: sickness immunity, AC +4, negative energy resistance 1, electricity
resistance, torment resistance 1, petrification resistance
a: no special abilities


You were on level 3 of the Dungeon.
You visited 1 branch of the dungeon, and saw 3 of its levels.

You collected 99 gold pieces.

Inventory:

Hand Weapons
 a - a +1 war axe (weapon)
Armour
 c - a +0 buckler (worn)
 h - a +1 pair of gloves (worn)
 j - a +0 chain mail (worn)
Jewellery
 i - a ring of protection from fire (left hand)
Potions
 b - 2 potions of flight
 e - a potion of curing
 f - a potion of magic


   Skills:
 + Level 4.2 Fighting
 + Level 3.5 Axes
 + Level 4.2 Armour
 - Level 0.2 Dodging
 + Level 3.7 Shields


You had 4 spell levels left.
You didn't know any spells.
Your spell library was empty.

Dungeon Overview and Level Annotations

Branches:
Dungeon (3/15)

Altars:


Innate Abilities, Weirdness & Mutations

You are immune to sickness and miasma.
Your stone body is resilient. (AC +4)
You are immune to poison.
You resist negative energy. (rN+)
You are resistant to electric shocks. (rElec)
You are resistant to unholy torment.
You are immune to petrification.


Message History

The gnoll barely misses you. The gnoll hits you but does no damage.
Unknown command.
You slash the gnoll!
You kill the gnoll!
You hit the gnoll. You slash the adder!
You kill the adder!
The quokka twitches its whiskers.
The gnoll hits you from afar with a +0 spear.
* * * LOW HITPOINT WARNING * * *
The gnoll hits you but does no damage.
You feel better. You block the gnoll's attack.
The gnoll hits you but does no damage.
The hobgoblin hits you but does no damage.
Okay, then.
You feel very mighty all of a sudden.
The gnoll hits you but does no damage. x2; The hobgoblin barely misses you.
Unknown command.
You hit the hobgoblin.
The hobgoblin is heavily wounded.
You slash the gnoll!
You kill the gnoll!
You hear the slow rusting of a drain nearby.
You block the gnoll's attack.
The hobgoblin hits you but does no damage.
The gnoll hits you from afar with a +0 spear.
* * * LOW HITPOINT WARNING * * *
The hobgoblin hits you.
* * * LOW HITPOINT WARNING * * *
You hit the hobgoblin.
You kill the hobgoblin!
Your shield prevents you from hitting the quokka.
The quokka bites you but does no damage.
A quokka comes into view.
The gnoll hits you but does no damage.
Unknown command.
You slice the quokka!!
You kill the quokka!
The gnoll barely misses you. The gnoll closely misses you.
The gnoll hits you with a +0 spear.
You die...

####..................
..!.........#......###
####........#......#
#........#......#
##........#......
#....$......###..
#...........# .?
#....##.!...# #.....
##@...# #....# #g...#
#.... #....# #....
#r...# #... #....#
#..... #......
#.......


You could see a gnoll and a quokka.

Vanquished Creatures
  Natasha (twice) (D:2)
  3 gnolls (D:3)
  2 adders
  A worm (D:2)
  2 dart slugs
  10 endoplasms
  2 goblins (D:2)
  6 hobgoblins
  6 kobolds
  4 quokkas
  4 ball pythons
  4 bats
  12 frilled lizards
  4 rats
62 creatures vanquished.

Vanquished Creatures (others)
  11 plants
11 creatures vanquished.

Grand Total: 73 creatures vanquished

Notes
Turn   | Place    | Note
-------+----------+-------------------------------------------
     0 | D:1      | bande the Gargoyle Fighter began the quest for the Orb.
     0 | D:1      | Reached XP level 1. HP: 14/14 MP: 1/1
   222 | D:1      | Reached XP level 2. HP: 19/19 MP: 2/2
  1029 | D:1      | Reached XP level 3. HP: 24/24 MP: 3/3
  1287 | D:1      | Found a faded altar of an unknown god.
  2049 | D:2      | Reached XP level 4. HP: 29/29 MP: 4/4
  2758 | D:2      | Noticed Natasha
  2762 | D:2      | Killed Natasha
  2842 | D:2      | Noticed Natasha
  2855 | D:2      | Killed Natasha
  2856 | D:2      | Reached XP level 5. HP: 33/33 MP: 5/5
  2943 | D:3      | Slain by a gnoll

Illustrated notes

Levels and vault maps discovered:
D:1:      dpeg_arrival_pits, layout_basic, ebering_ecumenical_altar_hall,
          minmay_lizard_king
D:2:      layout_basic, serial_forest, infiniplex_forest_clump_large,
          infiniplex_forest_lined_1, infiniplex_forest_clump_C,
          infiniplex_forest_clump_long, infiniplex_forest_corner_1, uniq_natasha
D:3:      layout_basic, mainiacjoe_overflow_swirl, portal_sewer_entry_f

Skill      XL: |  1  2  3  4 |
---------------+-------------+-----
Axes           | 2 3 |  3.5
Fighting       | 4 |  4.2
Armour         | 4 |  4.2
Dodging        | |  0.2
Shields        | |  3.7

Action                   |  1- 3 |  4- 6 || total
-------------------------+-------+-------++-------
Melee: War axe           |   128 |    43 ||   171
  Use: Scroll            |       |     6 ||     6
       Potion            |       |     2 ||     2
Armor: Scale mail        |    22 |       ||    22
       Chain mail        |    65 |    42 ||   107
Dodge: Dodged            |    48 |    24 ||    72
Block: Buckler           |    30 |     8 ||    38

Table legend: (Time is in decaauts)
 A = Elapsed time spent in this place.
 B = Non-inter-level travel time spent in this place.
 C = Inter-level travel time spent in this place.
 D = Time resting spent in this place.
 E = Time spent auto-exploring this place.
 F = Levels seen in this place.
 G = Mean time per level.
                   A        B        C        D        E       F      G
               +--------+--------+--------+--------+--------+-----+--------+
         Total |   3010 |   2972 |     38 |    424 |   2074 |   3 | 1003.3 |
       Dungeon |   3010 |   2972 |     38 |    424 |   2074 |   3 | 1003.3 |
               +--------+--------+--------+--------+--------+-----+--------+

Top non-repeatable levels by time:
     D:1: 1619 daAuts
     D:2: 1337 daAuts
     D:3: 52 daAuts
